Map: Newkirk Precinct TE (Void)

Players

Zahl

  • Race: Zerg Zerg
  • League: Master
  • Spawn Location: 7:00

Hammer - Winner!

  • Race: Terran Terran
  • League: Master
  • Spawn Location: 5:00

VOD

Have the link to the VOD?

Description

Time

  • Played on: Nov. 27, 2016, 5:42 p.m.
  • Length: 12:28
Show
View Real Time Build Order
Export as new Build Order

Zahl Zerg 

Build Orders: Pool First 

Get SALT Encoding   

  12  0:00  Drone  
  13  0:09  Drone  
  14  0:18  Overlord  
  14  0:34  Spawning Pool  
  13  0:37  Drone  
  14  0:44  Drone  
  14  0:46  Drone  
  16  0:51  Drone  
  17  1:13  Hatchery  
  16  1:21  Zergling x4  
  16  1:22  Zergling x2  
  19  1:32  Queen  
  21  1:43  Overlord  
  21  1:54  Drone  
  21  1:55  Extractor  
  21  2:02  Drone  
  22  2:10  Queen  
  22  2:14  Drone  
  25  2:16  Drone  
  26  2:43  Drone x4  
  30  2:44  Hatchery  
  29  2:51  Queen  
  31  3:02  Spore Crawler  
  31  3:05  Spore Crawler  
  29  3:10  Drone x2  
  30  3:17  Queen  
  32  3:27  Spore Crawler  
  32  3:29  Overlord  
  32  3:33  Metabolic Boost  
  29  3:52  Drone  
  29  3:54  Drone x2  
  29  3:55  Drone x4  
  36  4:02  Drone x2  
  38  4:08  Queen  
  40  4:11  Drone  
  41  4:25  Roach Warren  
  41  4:30  Drone x2  
  42  4:31  Overlord  
  42  4:32  Overlord  
  42  4:40  Lair  
  42  4:53  Drone x7  
  42  4:54  Drone  
  42  4:59  Extractor, Drone  
  50  5:15  Overlord x3, Evolution Chamber  
  50  5:16  Overlord  
  49  5:25  Extractor  
  48  5:31  Roach  
  43  5:48  Drone x4  
  47  5:52  Drone x3  
  47  5:54  Zerg Missile Weapons Level 1, Glial Reconstitution  
  47  5:56  Overseer  
  50  6:00  Overseer  
  50  6:06  Roach x4  
  50  6:10  Drone  
  59  6:18  Zergling x8  
  61  6:19  Zergling x6  
  61  6:23  Pneumatized Carapace  
  66  6:27  Drone  
  66  6:28  Drone x3  
  70  6:41  Drone x4  
  70  6:44  Overlord x3  
  74  7:03  Extractor, Drone  
  74  7:04  Drone x2  
  74  7:06  Drone x2  
  74  7:07  Drone x7  
  85  7:10  Extractor  
  76  7:23  Drone  
  76  7:24  Drone x2  
  73  7:32  Drone x3  
  73  7:33  Drone x3  
  78  7:38  Roach x2  
  78  7:39  Spore Crawler  
  81  7:52  Zerg Missile Weapons Level 2, Overlord x2  
  81  7:53  Overlord x2  
  81  8:08  Drone  
  81  8:09  Hydralisk Den  
  81  8:14  Hatchery  
  80  8:22  Drone x3  
  80  8:23  Drone x7  
  80  8:25  Extractor  
  80  8:26  Overlord x3  
  79  8:48  Drone  
  79  8:49  Drone x4  
  79  8:50  Drone x5  
  89  8:57  Grooved Spines  
  89  9:01  Infestation Pit  
  88  9:11  Spine Crawler  
  88  9:14  Roach x3  
  88  9:15  Roach x4  
  88  9:16  Roach  
  92  9:43  Hydralisk  
  92  9:44  Hydralisk x6  
  92  9:45  Hydralisk  
  108  9:47  Queen  
  110  9:58  Hive  
  110  9:59  Drone  
  107  10:08  Muscular Augments  
  107  10:10  Zerg Ground Armor Level 1  
  107  10:12  Hydralisk x3  
  112  10:16  Drone x3  
  112  10:17  Drone  
  112  10:20  Drone x2  
  118  10:36  Overlord x4  
  118  10:54  Spine Crawler  
  117  11:00  Roach  
  117  11:01  Roach x7  
  117  11:02  Roach x2  
  137  11:05  Drone x2  
  139  11:18  Viper x4  
  142  11:20  Overseer  
  139  11:34  Zergling x14  
  139  11:35  Zergling x8  
  139  11:38  Roach  
  116  11:42  Roach  
  114  11:50  Roach x2  
  117  12:00  Roach x2  
  117  12:01  Roach x2  
Show
View Real Time Build Order
Export as new Build Order

Hammer Terran - Winner!

Build Orders: 1/1/1, Mech 

Get SALT Encoding   

  12  0:01  SCV  
  13  0:13  SCV  
  14  0:18  Supply Depot  
  14  0:25  SCV  
  15  0:39  Refinery  
  15  0:42  Barracks  
  15  0:47  Refinery  
  15  0:50  SCV  
  16  1:03  SCV  
  17  1:15  SCV  
  18  1:29  Factory, Orbital Command  
  18  1:34  Marine  
  19  1:48  Supply Depot  
  19  1:53  Barracks Tech Lab  
  19  1:55  SCV  
  20  2:07  SCV  
  21  2:15  Starport  
  21  2:20  Factory Tech Lab, SCV  
  22  2:32  SCV  
  23  2:37  Supply Depot  
  23  2:39  Siege Tank  
  26  2:44  SCV  
  27  2:52  Corvid Reactor  
  27  2:57  Viking  
  29  3:06  SCV  
  30  3:14  Supply Depot  
  30  3:23  SCV  
  31  3:34  Raven  
  31  3:35  SCV  
  34  3:50  SCV  
  34  3:54  Command Center  
  35  4:00  Supply Depot  
  36  4:02  SCV  
  36  4:15  SCV  
  36  4:17  Raven  
  37  4:22  Command Center  
  39  4:27  SCV  
  40  4:39  Supply Depot, SCV  
  40  4:44  Refinery x2  
  44  4:51  SCV  
  42  4:59  Raven  
  42  5:03  SCV  
  45  5:07  Orbital Command  
  45  5:12  Supply Depot  
  45  5:15  SCV  
  46  5:23  Supply Depot  
  46  5:24  Siege Tank, Engineering Bay  
  46  5:27  SCV  
  50  5:39  SCV  
  51  5:43  Raven  
  51  5:44  SCV  
  51  5:45  Orbital Command  
  54  5:50  Missile Turret  
  54  5:51  SCV  
  55  6:00  SCV  
  55  6:03  SCV  
  57  6:06  Missile Turret  
  57  6:08  Barracks Reactor  
  57  6:11  Factory  
  57  6:16  Siege Tank  
  60  6:18  Factory  
  60  6:20  SCV  
  62  6:25  SCV x2  
  62  6:31  Missile Turret  
  63  6:34  SCV  
  63  6:38  SCV, Armory  
  65  6:41  Raven  
  65  6:42  SCV  
  65  6:46  SCV  
  69  6:49  Siege Tank  
  69  6:53  SCV  
  73  6:55  SCV  
  74  7:05  Factory Tech Lab  
  74  7:09  SCV  
  75  7:17  SCV  
  75  7:21  SCV  
  77  7:33  Siege Tank, Hellion x2  
  77  7:34  Siege Tank  
  77  7:35  Terran Vehicle Weapons Level 1, SCV  
  88  7:37  Barracks Reactor  
  88  7:39  SCV x2  
  88  7:40  Factory  
  88  7:43  Supply Depot  
  90  7:44  Supply Depot x2  
  90  7:47  Supply Depot  
  90  7:48  SCV  
  91  7:51  SCV  
  91  7:54  SCV, Hellion  
  91  7:57  Factory  
  95  8:00  SCV  
  95  8:01  Raven  
  95  8:03  SCV  
  99  8:06  SCV  
  99  8:12  SCV  
  101  8:15  SCV  
  101  8:18  SCV  
  103  8:24  SCV  
  104  8:28  SCV  
  104  8:30  Siege Tank, SCV, Hellion x2  
  113  8:37  SCV  
  114  8:47  Infernal Pre-Igniter  
  114  8:49  Factory Tech Lab  
  114  8:51  Siege Tank, Hellion  
  114  8:52  Hellion  
  114  8:53  SCV  
  122  8:57  Supply Depot x2  
  122  8:59  Supply Depot  
  122  9:00  Armory  
  122  9:01  Supply Depot  
  122  9:03  Orbital Command  
  122  9:13  Hellion x2  
  126  9:17  Refinery, SCV  
  126  9:23  Refinery, SCV  
  128  9:24  Missile Turret  
  128  9:26  Missile Turret  
  128  9:27  Raven  
  128  9:29  SCV  
  131  9:32  Missile Turret  
  131  9:34  Hellion x2  
  131  9:35  SCV  
  136  9:41  SCV  
  136  9:45  SCV  
  138  9:47  SCV  
  138  9:52  Command Center  
  139  9:53  Siege Tank x2, SCV  
  139  9:54  Hellion x2  
  150  10:05  SCV  
  151  10:13  SCV x2, Terran Vehicle And Ship Armor Level 1  
  153  10:20  Hellion x2  
  153  10:21  Hellion x2  
  161  10:25  Supply Depot, Siege Tank x2  
  161  10:26  Supply Depot x2, Hellion  
  161  10:27  SCV  
  170  10:42  Hellion  
  172  10:47  Siege Tank, Hellion x3  
  181  10:52  Sensor Tower  
  181  10:57  Siege Tank  
  181  10:58  Hellion  
  186  11:07  Hellion  
  186  11:08  Hellion x3  
  194  11:19  Siege Tank x2  
  194  11:22  Refinery  
  199  11:39  Siege Tank  
  178  11:40  Hellion x3  
  178  11:45  Hellbat  
  178  11:51  Siege Tank x2  
  182  11:57  Command Center  
  174  12:01  Hellbat  
  174  12:02  Hellbat x2  
  174  12:06  Hellbat  
Tags
 
Add a new tag
Caveats
  • Supply blocks, unpowered buildings, or Contaminate may cause inaccurate times.
  • Supply counts are checked every 10 seconds.